 Dungeon Crawl Stone Soup version 0.17-a0-1533-g2f57bce (webtiles) character file.

159 TheHolyPigeon the Slasher (level 5, 0/34 HPs)
             Began as a High Elf Skald on July 16, 2015.
             Succumbed to Robin's poison
             ... on level 3 of the Dungeon.
             The game lasted 00:08:18 (3178 turns).

TheHolyPigeon the Slasher (High Elf Skald)          Turns: 3178, Time: 00:08:18

Health: 0/34       AC: 10    Str: 10 (11) XL:     5   Next: 17%
Magic:  2/9        EV:  8    Int: 15      God:
Gold:   116        SH:  0    Dex: 16      Spells: 2 memorised, 5 levels left

rFire  + . .     SeeInvis .     a - +0 falchion
rCold  . . .     Clarity  .     l - +2 scale mail {rF+}
rNeg   . . .     SustAt   .     (no shield)
rPois  .         Gourm    .     (no helmet)
rElec  .         Spirit   .     (no cloak)
rCorr  .         Warding  .     m - +0 pair of gloves
rMut   .         Stasis   .     i - +0 pair of boots
MR     .....                    (no amulet)
Stlth  ..........               (no ring)
                                (no ring)

@: lethally poisoned (0 -> -18), infused (expiring), not resistant to hostile
enchantments, extremely unstealthy
A: no striking features
a: no special abilities


You were on level 3 of the Dungeon.
You were not hungry.

You visited 1 branch of the dungeon, and saw 4 of its levels.

You collected 116 gold pieces.

Inventory:

Hand weapons
 a - a +0 falchion (weapon)
Armour
 b - a +0 leather armour
 i - a +0 pair of boots (worn)
 l - a +2 scale mail of fire resistance (worn)
 m - a +0 pair of gloves (worn)
Scrolls
 e - 3 scrolls of remove curse
 j - 3 scrolls of identify
Books
 c - a book of Battle

   Spells                             Type                      Level
   a - Infusion                       Charms                       1
   b - Shroud of Golubria             Charms/Translocation         2
   c - Song of Slaying                Charms                       2
   d - Spectral Weapon                Hexes/Charms                 3
   e - Regeneration                   Charms/Necromancy            3
Comestibles
 d - 2 bread rations
 g - 2 royal jellies
 k - 3 meat rations


   Skills:
 - Level 2.0 Fighting
 + Level 6.6 Long Blades
 - Level 0.8 Armour
 - Level 1.1 Dodging
 - Level 2.4 Spellcasting
 - Level 3.6 Charms


You had 5 spell levels left.
You knew the following spells:

 Your Spells              Type           Power        Failure   Level  Hunger
a - Infusion              Chrm           ##....       38%         1    #......
b - Song of Slaying       Chrm           ##......     58%         2    ###....


Dungeon Overview and Level Annotations

Branches:
Dungeon (4/15)
 Temple: D:4-7

Altars:
Ashenzari
Fedhas
Qazlal
Xom


Message History

You hit the goblin.
You kill the goblin!
You feel sick. The goblin hits you with a dagger.
* * * LOW HITPOINT WARNING * * *
You aren't carrying any potions.
You miss the goblin.
* * * LOW HITPOINT WARNING * * *
You feel sick. The goblin hits you but does no damage.
* * * LOW HITPOINT WARNING * * *
You feel sick.
Things that are here:
a club; a goblin corpse Your magical infusion is running out.
* * * LOW HITPOINT WARNING * * *
You feel sick.
* * * LOW HITPOINT WARNING * * *
You feel sick.
* * * LOW HITPOINT WARNING * * *
You feel sick.
You die...

##...##....#
#.....)..+..
#.......####
#........### #....####
#........# #.#####
#........# #.....#
#........# #.....#
#........# #.....#
#........#
#.....#########....####
#.....'.@.gg)g)g...# #
##....#########g#### #
#....# #....# # #....#
#$...# # ###### #....#
# ##.### # #.# # g.. ..
.(g ###


You could see a hobgoblin (frenzied) and 4 goblins.

Vanquished Creatures
  Ijyb (D:3)
  Natasha (D:3)
  Robin (D:3)
  3 adders
  3 worms
  A giant gecko (D:2)
  A bat (D:2)
  5 giant cockroaches
  12 goblins
  5 hobgoblins
  12 jackals
  6 kobolds
  4 giant newts
  6 rats
61 creatures vanquished.

Notes
Turn   | Place    | Note
--------------------------------------------------------------
     0 | D:1      | TheHolyPigeon the High Elf Skald began the quest for the Orb.
     0 | D:1      | Reached XP level 1. HP: 14/14 MP: 4/4
   349 | D:1      | Reached XP level 2. HP: 2/19 MP: 0/6
  1367 | D:2      | Reached skill level 4 in Long Blades
  1572 | D:2      | Reached XP level 3. HP: 12/24 MP: 7/7
  2031 | D:2      | Found a shimmering altar of Xom.
  2056 | D:2      | Found a shattered altar of Ashenzari.
  2058 | D:2      | Found a stormy altar of Qazlal.
  2081 | D:2      | Reached skill level 5 in Long Blades
  2262 | D:2      | Found a blossoming altar of Fedhas.
  2509 | D:2      | Learned a level 2 spell: Song of Slaying
  2521 | D:3      | Reached XP level 4. HP: 27/29 MP: 8/8
  2558 | D:3      | Noticed Ijyb
  2581 | D:3      | Killed Ijyb
  2739 | D:3      | Noticed Natasha
  2748 | D:3      | Killed Natasha
  2748 | D:3      | Reached skill level 6 in Long Blades
  3143 | D:3      | Noticed Robin
  3152 | D:3      | Reached XP level 5. HP: 30/34 MP: 9/9
  3171 | D:3      | Killed Robin
  3178 | D:3      | Succumbed to Robin's poison

Vault maps used:
D:1:      wheals_arrival_linesprint, interstate_on_off
D:2:      lemuel_crystal_altar, grunt_temple_overflow_open, first_bread
D:3:      uniq_natasha, uniq_iyjb, uniq_robin
D:4:      nicolae_ru_awakened_eye, xom_teletrap_fun, uniq_edmund

Action                   |  1- 3 |  4- 6 || total
-------------------------+-------+-------++-------
Melee: Falchion          |   168 |    77 ||   245
 Cast: Infusion          |     3 |     3 ||     6
  Use: Scroll            |     3 |       ||     3
       Potion            |     3 |       ||     3
 Stab: Sleeping          |     1 |       ||     1
  Eat: Pizza             |     1 |       ||     1
       Beef jerky        |     1 |       ||     1
       Bread ration      |     1 |       ||     1
